 Dungeon Sprint DCSS version 0.23.2 (webtiles) character file.

Game seed: 11665708766594593889

108 nuthulu the Covert (level 4, 0/30 HPs)
             Began as a Vampire Enchanter on Apr 2, 2019.
             Was an Initiate of Dithmenos.
             Splashed by an oklob sapling wizard's acid (16 damage)
             ... in the Dungeon (Sprint IV: "Fedhas' Mad Dash").
             The game lasted 00:01:35 (498 turns).

nuthulu the Covert (Vampire Enchanter)               Turns: 498, Time: 00:01:36

Health: 0/30       AC:  2    Str:  7    XL:     4   Next: 58%
Magic:  9/11       EV: 13    Int: 17    God:    Dithmenos [......]
Gold:   56         SH:  0    Dex: 15    Spells: 1/13 levels left

rFire    . . .     SeeInvis +   a - +1 dagger
rCold    . . .     Gourm    .   (no shield)
rNeg     + . .     Faith    .   b - +0 robe
rPois    .         Spirit   .   (no helmet)
rElec    .         Reflect  .   (no cloak)
rCorr    .         Harm     .   (no gloves)
MR       .....     NoTele   +   (no boots)
Stlth    ++++......             c - amulet of invisibility {+Inv}
HPRegen  0.10/turn              (no ring)
MPRegen  0.12/turn              (no ring)

@: very slightly contaminated, invisible
A: fangs 3, see invisible, unbreathing
a: Bat Form, Renounce Religion


You were in the Dungeon.
You worshipped Dithmenos.
Dithmenos was noncommittal.
You were not thirsty.

You visited 1 branch You collected 56 gold pieces.

Inventory:

Hand Weapons
 a - a +1 dagger (weapon)
Armour
 b - a +0 robe (worn)
Jewellery
 c - the amulet of invisibility (around neck) {+Inv}
   (You found it in the Dungeon)

   [amulet of nothing]

   It lets you turn invisible.
Scrolls
 j - a scroll of blinking
 k - a scroll of fog {unknown}
Potions
 d - a potion of blood
 e - a potion of curing
 f - a potion of heal wounds
 g - a potion of haste
 h - 2 potions of magic
 i - a potion of berserk rage


   Skills:
 - Level 1.1 Short Blades
 - Level 2.1 Dodging
 + Level 9.0 Stealth
 - Level 5.0 Spellcasting
 - Level 8.4 Hexes
 + Level 2.1 Evocations


You had one spell level left.
You knew the following spells:

 Your Spells              Type           Power        Failure   Level  Hunger
a - Corona                Hex            ####...      1%          1    None
b - Ensorcelled Hibernat  Hex/Ice        ###...       3%          2    #......
c - Confuse               Hex            ####....     1%          3    ###....
d - Tukima's Dance        Hex            ####....     1%          3    ###....
e - Dazzling Spray        Conj/Hex       ###...       8%          3    ###....

Your spell library contained the following spells:

 Spells                   Type           Power        Failure   Level  Hunger


Dungeon Overview and Level Annotations

Branches:
Dungeon (1/1)

Altars:
Cheibriados
Dithmenos
Elyvilon
Gozag
Hepliaklqana
Kikubaaqudgha
Makhleb
Nemelex Xobeh
Okawaru
Qazlal
Ru
Sif Muna
Trog
Uskayaw
Vehumet
Wu Jian
Xom
Yredelemnul
Zin
The Shining One
Beogh
Jiyva
Lugonu

Annotations:
D exclusion: oklob sapling


Innate Abilities, Weirdness & Mutations

You have razor-sharp teeth.
You have supernaturally acute eyesight. (SInv)
You can survive without breathing.


Message History

There is an open door here.
You close the door.
You start resting.
You flicker back into view.
You start resting.
Magic restored.
You start resting.
Your magical contamination has completely faded away.
You start resting.
HP restored.
You fade into invisibility!
You are very lightly contaminated with residual magic.
You feel quite a bit more thirsty.
You open the door.
There is an open door here.
You hit the oklob sapling wizard but do no damage.
The oklob sapling wizard spits acid at you.
The splash of acid hits you!
You are splashed with acid!
Ouch! That really hurt!
You die...

###################
.#.⌠._._._._.⌠.#.$+
.'.._._._._._..'@P#
.#..._._._._...#..#
##.._._._._._..#.(#
#._._._._._.⌠.####
###############


You could see an oklob sapling wizard.

Vanquished Creatures
  2 oklob saplings (D)
  A worker ant (D)
  A river rat (D)
  A rat (D)
5 creatures vanquished.

Notes
Turn   | Place    | Note
-------+----------+-------------------------------------------
     0 | D        | nuthulu the Vampire Enchanter began the quest for the Orb.
     0 | D        | Reached XP level 1. HP: 13/13 MP: 3/3
     8 | D        | Reached skill level 5 in Stealth
     8 | D        | Reached skill level 5 in Hexes
     8 | D        | Reached XP level 2. HP: 19/19 MP: 3/5
    14 | D        | Learned a level 2 spell: Ensorcelled Hibernation
    34 | D        | Noticed an oklob sapling
    36 | D        | Killed an oklob sapling
    36 | D        | Reached skill level 7 in Stealth
    36 | D        | Reached XP level 3. HP: 24/24 MP: 6/8
    41 | D        | Learned a level 3 spell: Confuse
    45 | D        | Learned a level 3 spell: Tukima's Dance
    56 | D        | Found the amulet of invisibility {+Inv}
    57 | D        | Reached skill level 8 in Stealth
    97 | D        | Found an opulent altar of Gozag.
    97 | D        | Found a hazy altar of Hepliaklqana.
    97 | D        | Found a burning altar of Makhleb.
    97 | D        | Found a roughly hewn altar of Beogh.
    97 | D        | Found a sparkling altar of Nemelex Xobeh.
    97 | D        | Found a snail-covered altar of Cheibriados.
    97 | D        | Found a sacrificial altar of Ru.
    97 | D        | Found a deep blue altar of Sif Muna.
    97 | D        | Found a shimmering altar of Xom.
    97 | D        | Found a basalt altar of Yredelemnul.
    98 | D        | Found a viscous altar of Jiyva.
    98 | D        | Found a bloodstained altar of Trog.
    98 | D        | Found an ornate altar of the Wu Jian Council.
    98 | D        | Noticed an oklob sapling priest
    99 | D        | Found an iron altar of Okawaru.
    99 | D        | Found a shadowy altar of Dithmenos.
    99 | D        | Found a glowing silver altar of Zin.
   100 | D        | Found an ancient bone altar of Kikubaaqudgha.
   100 | D        | Found a hide-covered altar of Uskayaw.
   101 | D        | Found a stormy altar of Qazlal.
   101 | D        | Found a white marble altar of Elyvilon.
   101 | D        | Found a glowing golden altar of the Shining One.
   102 | D        | Found a corrupted altar of Lugonu.
   102 | D        | Found a radiant altar of Vehumet.
   105 | D        | Killed an oklob sapling priest
   105 | D        | Reached skill level 9 in Stealth
   105 | D        | Reached skill level 5 in Spellcasting
   105 | D        | Reached XP level 4. HP: 30/30 MP: 8/11
   110 | D        | Learned a level 3 spell: Dazzling Spray
   114 | D        | Became a worshipper of Dithmenos the Shadowed
   498 | D        | Splashed by an oklob sapling wizard's acid

Skill      XL: |  1  2  3 |
---------------+----------+-----
Stealth        | 5 7 9 |  9.0
Hexes          | 5 6 8 |  8.4
Spellcasting   | 3 5 |  5.0
Evocations     | 2 |  2.1
Short Blades   | |  1.1
Dodging        | |  2.1

Action                   |  1- 3 |  4- 6 || total
-------------------------+-------+-------++-------
Melee: Dagger            |     5 |    10 ||    15
       Bite              |       |     2 ||     2
 Cast: Dazzling Spray    |       |     2 ||     2
 Abil: Evoke Invisibilit |     1 |     2 ||     3
 Stab: Sleeping          |     5 |       ||     5
  Eat: Corpse            |     2 |       ||     2
